 Dungeon Crawl Stone Soup version 0.30.0 (webtiles) character file.

Game seed: 3755203058049242128

5931 SubZero71 the Arsonist (level 10, -2/81 HPs)
             Began as a Pale Draconian Fire Elementalist on Dec 29, 2023.
             Was an Initiate of Gozag.
             Succumbed to a hornet's poison
             ... on level 9 of the Dungeon on Dec 30, 2023.
             The game lasted 01:37:42 (12891 turns).

SubZero71 the Arsonist (DrFE)                      Turns: 12891, Time: 01:37:43

Health: -2/81      AC: 23    Str: 12    XL:     10   Next: 54%
Magic:  0/20       EV: 12    Int: 19    God:    Gozag
Gold:   716        SH:  0    Dex: 11    Spells: 9/22 levels left

rFire   . . .        o - +1 short sword (protect)
rCold   . . .        (no shield)
rNeg    . . .        (body armour unavailable)
rPois   .            (helmet restricted)
rElec   .            D - +1 cloak
rCorr   .            (no gloves)
SInv    +            b - +2 pair of boots
Will    .....        (no amulet)
Stlth   ++           i - +4 ring of protection
HPRegen 0.33/turn    H - ring of see invisible
MPRegen 0.17/turn

%: no passive effects
@: lethally poisoned (-2 -> -14), gold aura, under a protective aura, slowed,
very slow
A: breathe steam, AC +7, unfitting armour, cold-blooded, steam resistance
a: Breathe Steam, Renounce Religion, Potion Petition, Call Merchant, Bribe
Branch


You were on level 9 of the Dungeon.
You worshipped Gozag.
Gozag was pleased with you.
You visited 2 branches of the dungeon, and saw 10 of its levels.

You collected 852 gold pieces.
You paid 136 gold pieces to Gozag.

Inventory:

Hand Weapons
 g - a +0 rapier
 l - a +4 dagger of chaos
 o - a +1 short sword of protection (weapon)
 p - a +0 dagger of electrocution
Missiles
 m - 8 javelins
 s - 5 curare-tipped darts
 u - 21 poisoned darts
 J - a boomerang
Armour
 b - a +2 pair of boots (worn)
 D - a +1 cloak (worn)
Jewellery
 i - a +4 ring of protection (left hand)
 k - a ring of positive energy
 x - a ring of positive energy
 B - a ring of protection from cold
 H - a ring of see invisible (right hand)
Wands
 d - a wand of polymorph (8)
 C - a wand of quicksilver (8)
 E - a wand of digging (3)
Scrolls
 c - 8 scrolls of teleportation
 f - 3 scrolls of identify
 h - a scroll of magic mapping
 r - 2 scrolls of fear
 v - a scroll of blinking
 y - a scroll of fog
Potions
 a - a potion of magic
 e - a potion of lignification
 j - 2 potions of attraction
 n - 3 potions of might
 q - a potion of flight
 t - a potion of cancellation
 w - 3 potions of curing
 z - a potion of heal wounds
 A - 2 potions of haste


   Skills:
 * Level 5.2 Fighting
 + Level 2.9 Short Blades
 + Level 4.3 Throwing
 + Level 3.2 Dodging
 + Level 3.3 Stealth
 - Level 0.2 Unarmed Combat
 + Level 6.8 Spellcasting
 + Level 4.2 Conjurations
 + Level 1.3 Translocations
 * Level 11.6 Fire Magic


You had 9 spell levels left.
You knew the following spells:

 Your Spells              Type           Power      Damage    Failure   Level
a - Foxfire               Conj/Fire      100%       2x1d9     1%          1
b - Scorch                Fire           100%       2d9       1%          2
c - Volatile Blastmotes   Fire/Tloc      62%        2d15      2%          3
d - Inner Flame           Hex/Fire       28%        N/A       2%          3
e - Flame Wave            Conj/Fire      36%        2d10      4%          4

Your spell library contained the following spells:

 Spells                   Type           Power      Damage    Failure   Level
 Magic Dart               Conj           88%        1d7       1%          1
 Searing Ray              Conj           44%        2d6       2%          2
 Ensorcelled Hibernation  Hex/Ice        12%        N/A       16%         2
 Passwall                 Tmut/Erth      5%         N/A       16%         2
 Portal Projectile        Hex/Tloc       18%        N/A       24%         3
 Spider Form              Tmut/Pois      6%         N/A       30%         3
 Swiftness                Air            6%         N/A       30%         3
 Tukima's Dance           Hex            6%         N/A       30%         3
 Fulminant Prism          Conj/Hex       7%         3d7       41%         4
 Anguish                  Hex/Necr       3%         N/A       71%         4
 Blade Hands              Tmut           3%         N/A       96%         5


Dungeon Overview and Level Annotations

Branches:
Dungeon (9/15)             Temple (1/1) D:7
   Lair: D:8-11         Orc: D:9-12

Altars:
Ashenzari
Cheibriados
Dithmenos
Elyvilon
Fedhas
Gozag
Hepliaklqana
Kikubaaqudgha
Makhleb
Nemelex Xobeh
Qazlal
Ru
Sif Muna
Trog
Uskayaw
Vehumet
Wu Jian
Xom
Yredelemnul
Zin
The Shining One

Shops:
D:3 :   D:7 :


Innate Abilities, Weirdness & Mutations

You can breathe blasts of scalding, opaque steam.
Your pale cyan-grey scales are hard. (AC +7)
You cannot fit into any form of body armour.
You are cold-blooded and may be slowed by cold attacks.
You are immune to the effects of steam.


Message History

The hornet is almost dead.
The hornet stings you.
You feel yourself slow down.
You hit the hornet but do no damage.
The hornet is almost dead.
You feel yourself speed up. The hornet stings you.
You are poisoned.
You feel yourself slow down. The hornet stings you.
* * * LOW HITPOINT WARNING * * *
You feel as though you will be slow longer.
You hit the hornet but do no damage.
Your tail-slap misses the hornet.
The hornet is almost dead.
You feel very sick.
The hornet is no longer more vulnerable to fire.
The hornet stings you but does no damage.
The hornet misses you.
You hit the hornet but do no damage.
The hornet is severely wounded.
You feel sick. The hornet barely misses you. The hornet completely misses you.
You hit the hornet but do no damage.
The hornet is severely wounded.
You feel yourself speed up.
You feel sick. The hornet stings you.
* * * LOW HITPOINT WARNING * * *
You are lethally poisoned!
You feel yourself slow down. The hornet stings you!
* * * LOW HITPOINT WARNING * * *
You feel as though you will be slow longer.
Casting: Foxfire (safe; 1% risk of failure)
Confirm with . or Enter, or press ? or * to list all spells.
You don't know that spell.
Casting: Foxfire (safe; 1% risk of failure)
Confirm with . or Enter, or press ? or * to list all spells.
You don't know that spell.
Casting: Foxfire (safe; 1% risk of failure)
Confirm with . or Enter, or press ? or * to list all spells.
Flames lash the hornet.
You kill the hornet!
You die...
Your body crumbles into a pile of gold.

..##.# ).##.#
..##.# #.##.#
#.##.# .....#
#.#### #.# ########
#[# #....$@#
.)##### #.####$#
......# #.# #o#
......# #T# ..$
.####.#####.##.#.##
.#..........$.....#
.#.##...##........#
......#.##...?.##.#
.###.###.##.#.## .#


You could see an orc.

Vanquished Creatures
  A two-headed ogre (D:8)
  Psyche (D:9)
  A hornet (D:9)
  A troll (D:9)
  Sigmund (D:3)
  Eustachio (D:5)
  4 yaks
  3 steam dragons
  Menkaure (D:4)
  Edmund (D:4)
  An acid dragon (D:8)
  3 water moccasins
  2 orc warriors
  An ogre (D:4)
  A black bear (D:6)
  2 centaurs
  2 phantoms
  3 kobold brigands
  5 bullfrogs
  10 wights
  7 killer bees
  2 howler monkeys
  2 orc priests
  2 jellies (D:6)
  2 hounds (D:6)
  3 gnoll boudas
  2 sleepcaps
  Jessica (D:3)
  An iguana (D:5)
  Natasha (twice) (D:4 D:3)
  5 orc wizards
  Robin (D:3)
  13 gnolls
  4 adders
  2 shadow imps
  An ufetubus (D:4)
  3 worms
  4 dart slugs
  15 orcs
  3 endoplasms
  2 giant cockroaches
  5 hobgoblins
  5 quokkas
  5 ball pythons (D:1)
  7 bats
  8 frilled lizards
  13 goblins
  21 kobolds
  7 rats
193 creatures vanquished.

Vanquished Creatures (collateral kills)
  2 foxfires (D:1)
2 creatures vanquished.

Vanquished Creatures (others)
  An angel (D:5)
  344 foxfires
345 creatures vanquished.

Grand Total: 540 creatures vanquished

Notes
Turn   | Place    | Note
-------+----------+-------------------------------------------
     0 | D:1      | SubZero71 the Draconian Fire Elementalist began the quest
                  | for the Orb.
     0 | D:1      | Reached XP level 1. HP: 14/14 MP: 3/3
   196 | D:1      | Reached XP level 2. HP: 20/20 MP: 1/5
   205 | D:1      | Learned a level 2 spell: Scorch
   674 | D:1      | Found a faded altar of an unknown god.
  1183 | D:2      | Identified the +0 whip of Misery {holy, rPois rCorr Int-3
                  | Dex+2}
  1310 | D:2      | Reached XP level 3. HP: 27/27 MP: 2/6
  1314 | D:2      | Learned a level 3 spell: Volatile Blastmotes
  2565 | D:3      | Reached skill level 4 in Fire Magic
  2717 | D:3      | Reached XP level 4. HP: 34/34 MP: 4/7
  2723 | D:3      | Noticed Robin
  2744 | D:3      | Noticed a kobold brigand
  2747 | D:3      | Killed Robin
  2819 | D:3      | Noticed a kobold brigand
  2881 | D:3      | Noticed Sigmund
  2981 | D:3      | Found Etebbusm's Book Emporium.
  3154 | D:3      | Killed Sigmund
  3155 | D:3      | Reached XP level 5. HP: 30/39 MP: 6/10
  3282 | D:3      | Found a glowing golden altar of the Shining One.
  3428 | D:3      | Reached XP level 6. HP: 45/46 MP: 4/11
  3518 | D:3      | Reached skill level 5 in Fire Magic
  3665 | D:3      | Noticed Jessica
  3670 | D:3      | Killed Jessica
  3763 | D:3      | Learned a level 3 spell: Inner Flame
  3786 | D:4      | Noticed Edmund
  3793 | D:4      | Killed Edmund
  3794 | D:4      | Reached skill level 1 in Fighting
  4062 | D:4      | Noticed Natasha
  4067 | D:4      | Killed Natasha
  4068 | D:4      | Your scales start taking on a pale cyan-grey colour.
  4068 | D:4      | Reached skill level 6 in Fire Magic
  4068 | D:4      | Reached XP level 7. HP: 46/52 MP: 6/13
  4068 | D:4      | Gained mutation: You are immune to the effects of steam.
                  | [Pale Draconian growth]
  4332 | D:4      | Reached skill level 1 in Short Blades
  4332 | D:4      | Reached skill level 7 in Fire Magic
  4527 | D:4      | Noticed Menkaure
  4535 | D:4      | Killed Menkaure
  5314 | D:4      | Noticed Natasha
  5392 | D:3      | Killed Natasha
  5686 | D:4      | Reached XP level 8. HP: 59/59 MP: 7/15
  5880 | D:4      | Learned a level 4 spell: Flame Wave
  5926 | D:5      | Entered Level 5 of the Dungeon
  5961 | D:5      | Reached skill level 1 in Throwing
  6108 | D:5      | Noticed an angel
  6109 | D:5      | Found a glowing silver altar of Zin.
  6276 | D:5      | Noticed Eustachio
  6285 | D:5      | Killed Eustachio
  6372 | D:5      | Found a shimmering altar of Xom.
  6395 | D:5      | Killed an angel
  6592 | D:6      | Found a hazy altar of Hepliaklqana.
  6955 | D:6      | Reached skill level 8 in Fire Magic
  7014 | D:6      | Reached skill level 5 in Spellcasting
  7336 | D:6      | Reached XP level 9. HP: 63/68 MP: 12/16
  7719 | D:6      | Reached skill level 9 in Fire Magic
  9295 | D:7      | Found Ocherr's Tremendous Tomes.
  9371 | D:7      | Found a staircase to the Ecumenical Temple.
  9377 | Temple   | Entered the Ecumenical Temple
  9447 | Temple   | Became a worshipper of Gozag Ym Sagoz the Greedy
  9599 | D:7      | Reached skill level 1 in Translocations
  9600 | D:7      | Reached skill level 10 in Fire Magic
 10492 | D:8      | Noticed a two-headed ogre
 10520 | D:8      | Killed a two-headed ogre
 10521 | D:8      | Reached XP level 10. HP: 62/80 MP: 6/19
 10777 | D:8      | Reached skill level 11 in Fire Magic
 11284 | D:8      | Found a burning altar of Makhleb.
 11295 | D:8      | Found an ornate altar of the Wu Jian Council.
 11296 | D:8      | Found a bloodstained altar of Trog.
 11296 | D:8      | Found a shadowy altar of Dithmenos.
 11297 | D:8      | Found a radiant altar of Vehumet.
 11299 | D:8      | Found a white marble altar of Elyvilon.
 11301 | D:8      | Found a broken altar of Ashenzari.
 11734 | D:8      | Found a blossoming altar of Fedhas.
 11918 | D:9      | Identified the +1 war axe of a bazaar {drain, rPois Stlth+}
 11942 | D:9      | Noticed Psyche
 12011 | D:9      | Killed Psyche
 12615 | D:9      | Reached skill level 5 in Fighting
 12890 | D:9      | HP: 1/81 [hornet (10)]
 12891 | D:9      | Succumbed to a hornet's poison

Illustrated notes

Levels and vault maps discovered:
D:1:      minmay_arrival_plants_in_alcoves, layout_rooms,
          chequers_ecumenical_altar_simple, serial_curves, eino_curves_03,
          eino_curves_04, eino_curves_02
D:2:      layout_basic, minivault_5, minmay_between
D:3:      cheibrodos_thug_alley, layout_rooms, nicolae_tso_swordbearing_angel,
          serial_shops, shop, uniq_robin, uniq_jessica, uniq_sigmund
D:4:      layout_basic, minivault_23, uniq_menkaure, uniq_natasha, uniq_edmund
D:5:      layout_cave_pools, grunt_temple_overflow_order_and_chaos_1,
          uniq_eustachio
D:6:      layout_cave_pods, mainiacjoe_overflow_24_doors,
          kennysheep_generic_room_15
D:7:      layout_basic, minmay_temple_entry_fiery, serial_co_window_serial,
          co_window_cross_1, co_window_of_opportunity_a, co_window_paths_b,
          co_window_corner_a, co_window_paths_b, co_window_paths_b,
          co_window_corner_a, co_window_unsneaky_path_b,
          co_window_unsneaky_path_e, co_window_2corner, co_window_corner_cb,
          co_window_broadway_b, nicolae_shop_i_like_big_books
D:8:      layout_loops_corners, fedhas_altar_fruit_tree, minitemple
D:9:      layout_loops_cross, uniq_psyche
Temple:   nicolae_temple_ecumenical_triangle

Skill      XL: |  1  2  3  4  5  6  7  8  9 10 |
---------------+-------------------------------+-----
Dodging        | 2 3 |  3.2
Stealth        | 2 3 |  3.3
Fire Magic     | 4 6 7 8 10 11 | 11.6
Spellcasting   | 3 4 5 6 |  6.8
Conjurations   | 2 3 4 |  4.2
Fighting       | 1 2 4 5 |  5.2
Short Blades   | 1 2 |  2.9
Throwing       | 4 |  4.3
Translocations | 1 |  1.3
Unarmed Combat | |  0.2

Action                     |  1- 3 |  4- 6 |  7- 9 | 10-12 || total
---------------------------+-------+-------+-------+-------++-------
  Melee: Rapier            |    15 |       |       |       ||    15
         Unarmed           |     3 |       |       |       ||     3
         Tailslap          |     1 |     3 |    26 |     5 ||    35
         Punch             |     1 |       |     1 |     1 ||     3
         Short sword       |     3 |    20 |   143 |    45 ||   211
         Spear             |       |     5 |       |       ||     5
   Cast: Foxfire           |    60 |    25 |    92 |    28 ||   205
         Scorch            |     6 |    17 |    52 |    21 ||    96
         Volatile Blastmot |       |       |     7 |     1 ||     8
         Flame Wave        |       |       |     9 |    11 ||    20
    Use: Scroll            |       |     3 |     9 |    10 ||    22
 Armour: Skin              |    18 |     8 |    87 |    63 ||   176
  Dodge: Dodged            |    28 |    13 |   112 |    68 ||   221
